 Dungeon Crawl Stone Soup version 0.22-a0-392-g5dc3fd9 (webtiles) character file.

26 KristoblXynda the Slasher (level 2, 0/22 HPs)
             Began as a Demonspawn Gladiator on May 1, 2018.
             Was an Initiate of Ashenzari.
             Succumbed to an adder's poison
             ... on level 2 of the Dungeon.
             The game lasted 00:01:10 (1172 turns).

KristoblXynda the Slasher (Demonspawn Gladiator)    Turns: 1172, Time: 00:01:10

Health: 0/22       AC:  4    Str: 14    XL:     2   Next: 89%
Magic:  2/2        EV: 13    Int:  9    God:    Ashenzari [......]
Gold:   10         SH:  4    Dex: 14    Spells: 1/1 levels left

rFire    . . .     SeeInvis .   a - +0 long sword
rCold    . . .     Gourm    .   (no shield)
rNeg     . . .     Faith    .   b - +0 leather armour
rPois    .         Spirit   .   c - +0 helmet
rElec    .         Reflect  .   (no cloak)
rCorr    .         Harm     .   (no gloves)
MR       .....                  (no boots)
Stlth    +.........             (no amulet)
HPRegen  0.07/turn              (no ring)
MPRegen  0.08/turn              (no ring)

@: lethally poisoned (0 -> -8)
A: large bone plates 1
a: Curse Item, Renounce Religion


You were on level 2 of the Dungeon.
You worshipped Ashenzari.
Ashenzari was noncommittal.
You were hungry.

You visited 1 branch of the dungeon, and saw 2 of its levels.

You collected 10 gold pieces.

Inventory:

Hand Weapons
 a - a +0 long sword (weapon)
Missiles
 d - 3 throwing nets (quivered)
Armour
 b - a +0 leather armour (worn)
 c - a +0 helmet (worn)
Scrolls
 g - a scroll of remove curse
 h - a scroll of teleportation {unknown}
Comestibles
 f - 3 rations


   Skills:
 - Level 2.0 Fighting
 * Level 3.2 Long Blades
 - Level 2.0 Throwing
 + Level 0.6 Armour
 + Level 3.0 Dodging


You had one spell level left.
You didn't know any spells.

Dungeon Overview and Level Annotations

Branches:
Dungeon (2/15)

Altars:
Ashenzari


Innate Abilities, Weirdness & Mutations

You are partially covered in large bone plates. (SH +4)


Message History

Unknown command.
You hit the adder.
You kill the adder!
* * * LOW HITPOINT WARNING * * *
You feel sick.
The goblin wields an uncursed hunting sling.
The goblin shoots a stone.
The stone barely misses you.
Unknown command.
You hit the hobgoblin.
You kill the hobgoblin!
Your Dodging skill increases to level 3!
* * * LOW HITPOINT WARNING * * *
You feel sick.
You slash the goblin!
You kill the goblin!
* * * LOW HITPOINT WARNING * * *
You feel sick.
You hit the goblin.
You kill the goblin!
You die...

......#....
.....#.... .
....#.?. .. $.
...#.. ... ....
Kg#.# ....
.....######.....
......#...#K....
########._(#####
#....(()@..#r....
#.......######....
#......##b#b.# ...
#.....##..#...# ..
#....##...#....#
#...##....#.$...#
#..# ....#.....$
#.# ....# #.# #


You could see a goblin, a bat, 2 kobolds and a rat.

Vanquished Creatures
  An adder (D:2)
  An ooze (D:1)
  A ball python (D:1)
  3 goblins
  2 hobgoblins
  2 kobolds (D:1)
  2 bats (D:1)
  2 rats (D:1)
14 creatures vanquished.

Notes
Turn   | Place    | Note
-------+----------+-------------------------------------------
     0 | D:1      | KristoblXynda the Demonspawn Gladiator began the quest for the Orb.
     0 | D:1      | Reached XP level 1. HP: 16/16 MP: 1/1
   797 | D:1      | Gained mutation: You are partially covered in large bone plates. (SH +4) [demonic ancestry]
   797 | D:1      | Reached XP level 2. HP: 22/22 MP: 2/2
  1144 | D:2      | Found a shattered altar of Ashenzari.
  1148 | D:2      | Became a worshipper of Ashenzari the Shackled
  1171 | D:2      | HP: 1/22 [poisoned by an adder]
  1172 | D:2      | Succumbed to an adder's poison

Vault maps used:
D:1:      evilmike_arrival_plus, minmay_misc_feat_alley
D:2:      minmay_roachtagon, nicolae_ashenzari_panopticon

Skill      XL: |  1  2 |
---------------+-------+-----
Long Blades    | 3 |  3.2
Throwing       | 2 |  2.0
Dodging        | 3 |  3.0
Fighting       | |  2.0
Armour         | |  0.6

Action                   || total
-------------------------++-------
Melee: Long sword        ||    40
  Use: Potion            ||     1
Armor: Leather armour    ||    23
Dodge: Dodged            ||    30
Block: Other             ||     2
       Rpst.: Long sword ||     8

Table legend:
 A = Spawn XP
 B = Non-spawn XP
 C = Spawn XP percentage of total XP
 D = Spawn monster count
 E = Non-spawn monster count
 F = Spawn count percentage of total count
 G = Total turns spent on level
                    A         B        C        D         E        F      G
               +---------+---------+-------+---------+---------+-------+---------
         Total |       0 |      38 |   0.0 |       0 |      14 |   0.0 |  1172
               +---------+---------+-------+---------+---------+-------+---------
           D:1 |       0 |      20 |   0.0 |       0 |      10 |   0.0 |  1138
           D:2 |       0 |      18 |   0.0 |       0 |       4 |   0.0 |    34
               +---------+---------+-------+---------+---------+-------+---------
